 Dungeon Crawl Stone Soup version 0.26.1-2-gb8aa6d0cf2 (webtiles) character file.

Game seed: 11893522988504124177

209 st0uf the Chopper (level 5, -1/46 HPs)
             Began as a Draconian Berserker on Mar 19, 2021.
             Was a Believer of Trog.
             Slain by a gnoll
             ... wielding a +0 spear
              (6 damage)
             ... on level 2 of the Dungeon.
             The game lasted 00:03:53 (1385 turns).

st0uf the Chopper (Draconian Berserker)             Turns: 1385, Time: 00:03:54

Health: -1/46      AC:  5    Str: 19    XL:     5   Next: 55%
Magic:  5/5        EV: 13    Int:  7    God:    Trog [**....]
Gold:   72         SH:  0    Dex: 12    Spells: 4/4 levels left

rFire    . . .     SeeInvis .   a - +0 hand axe
rCold    . . .     Faith    +   (no shield)
rNeg     . . .     Spirit   .   (armour unavailable)
rPois    .         Reflect  .   (helmet restricted)
rElec    .         Harm     .   (no cloak)
rCorr    .         Rampage  .   (no gloves)
Will     .....                  (no boots)
Stlth    +.........             d - amulet of faith (curse)
HPRegen  0.15/turn              (no ring)
MPRegen  0.09/turn              (no ring)

@: no status effects
A: unfitting armour, cold-blooded, AC +5
a: Renounce Religion, Berserk, Trog's Hand


You were on level 2 of the Dungeon.
You worshipped Trog.
Trog was pleased with you.
You visited 1 branch of the dungeon, and saw 2 of its levels.

You collected 72 gold pieces.

Inventory:

Hand Weapons
 a - a +0 hand axe (weapon)
Missiles
 b - 27 arrows
Jewellery
 d - a cursed amulet of faith (around neck)
Scrolls
 c - 2 scrolls of fog {unknown}
 f - a scroll of amnesia {unknown}
 g - a scroll of teleportation {unknown}
 j - a scroll of remove curse {unknown}
Potions
 e - a potion of flight {unknown}
 h - a potion of brilliance {unknown}
 i - a potion of mutation {unknown}


   Skills:
 + Level 4.3 Fighting
 + Level 5.3 Axes
 + Level 3.3 Dodging
 + Level 0.2 Stealth


You had 4 spell levels left.
You didn't know any spells.
Your spell library was empty.

Dungeon Overview and Level Annotations

Branches:
Dungeon (2/15)

Altars:


Innate Abilities, Weirdness & Mutations

Your plain brown scales are hard. (AC +5)
You cannot fit into any form of body armour.
You are cold-blooded and may be slowed by cold attacks.


Message History

The gnoll moves out of view.
You hit the gnoll but do no damage.
The gnoll is severely wounded.
You hit the gnoll. The gnoll closely misses you. The gnoll barely misses you.
You hit the gnoll. You tail-slap the gnoll.
The gnoll is almost dead.
You barely miss the gnoll. The gnoll hits you.
The gnoll hits you with a +0 spear!
* * * LOW HITPOINT WARNING * * *
You hit the gnoll but do no damage.
Your tail-slap misses the gnoll.
The gnoll is almost dead.
You hit the gnoll but do no damage. The gnoll hits you.
* * * LOW HITPOINT WARNING * * *
The gnoll hits you with a +0 spear.
* * * LOW HITPOINT WARNING * * *
You hit the gnoll but do no damage.
The gnoll is almost dead.
You barely miss the gnoll. The gnoll barely misses you.
The gnoll hits you with a +0 spear.
You die...

#.. #.... #.#.###
######.# #.#...
........' .# #.#..###
#######.# ... .......
....... #..
#.#..#############
#...##.#..#.......(....
.#......#..#.###########
..(...g@................
.#......g..#.....#####..
#.#########..##.# #..
##.##.#####..
#.##........
#.##........
#.#<........
#.###.......
............


You could see 2 gnolls.

Vanquished Creatures
  Sigmund (D:2)
  An adder (D:2)
  A worm (D:2)
  A dart slug (D:1)
  2 leopard geckos (D:1)
  3 giant cockroaches (D:1)
  7 goblins
  A hobgoblin (D:1)
  A quokka (D:2)
  2 ball pythons (D:1)
  5 bats
  3 frilled lizards
  4 kobolds
  6 rats
38 creatures vanquished.

Notes
Turn   | Place    | Note
-------+----------+-------------------------------------------
     0 | D:1      | st0uf the Draconian Berserker began the quest for the Orb.
     0 | D:1      | Reached XP level 1. HP: 19/19 MP: 1/1
   152 | D:1      | Reached XP level 2. HP: 26/26 MP: 2/2
   537 | D:1      | Reached ** piety under Trog
   679 | D:1      | Reached XP level 3. HP: 28/31 MP: 3/3
  1277 | D:2      | Noticed Sigmund
  1298 | D:2      | Killed Sigmund
  1299 | D:2      | Reached skill level 5 in Axes
  1299 | D:2      | Reached XP level 4. HP: 40/40 MP: 4/4
  1299 | D:2      | Reached XP level 5. HP: 46/46 MP: 5/5
  1385 | D:2      | Slain by a gnoll

Illustrated notes

Levels and vault maps discovered:
D:1:      dpeg_arrival_boxes_within_box, layout_basic, st_stairs_3
D:2:      layout_basic, makhleb_heckhound_becter, uniq_sigmund

Skill      XL: |  1  2  3 |
---------------+----------+-----
Dodging        | 3 |  3.3
Fighting       | 4 |  4.3
Axes           | 5 |  5.3
Stealth        | |  0.2

Action                   |  1- 3 |  4- 6 || total
-------------------------+-------+-------++-------
Melee: Hand axe          |    78 |    27 ||   105
       Tailslap          |     5 |     5 ||    10
Invok: Berserk           |     1 |       ||     1
Armor: Skin              |    16 |    13 ||    29
Dodge: Dodged            |    52 |    23 ||    75
